 Dungeon Crawl Stone Soup version 0.31-a0-202-g547052bce9 (webtiles) character file.

Game seed: 4452129213239755321

261 qw the Skirmisher (level 5, 0/29 HPs)
             Began as a Deep Elf Hunter on June 26, 2023.
             Slain by a kobold brigand
             ... wielding a +0 club
              (1 damage)
             ... in a sewer.
             The game lasted 00:00:50 (2591 turns).

qw the Skirmisher (Deep Elf Hunter)                 Turns: 2591, Time: 00:00:50

Health: 0/29       AC:  9    Str: 10    XL:     5   Next: 96%
Magic:  7/7        EV: 10    Int: 14    God:
Gold:   132        SH:  0    Dex: 24    Spells: 4/4 levels left

rFire   . . .        Y - +1 shortbow
rCold   . . .        (shield currently unavailable)
rNeg    . . .        f - +0 scale mail {rPois}
rPois   +            (no helmet)
rElec   .            g - +0 cloak
rCorr   .            l - +0 pair of gloves
SInv    .            d - +0 pair of boots
Will    .....        (no amulet)
Stlth   +            a - +6 ring of dexterity
HPRegen 0.24/turn    (no ring)
MPRegen 0.10/turn

%: no passive effects
@: about to teleport
A: no striking features
a: no special abilities


You were in a sewer.
You visited 1 branch of the dungeon, and saw 4 of its levels.
You also visited: Sewer.

You collected 132 gold pieces.


   Skills:
 - Level 1.5 Fighting
 + Level 8.8 Ranged Weapons
 - Level 1.1 Armour
 - Level 3.4 Dodging
 - Level 1.2 Stealth


You had 4 spell levels left.
You didn't know any spells.
Your spell library was empty.

Inventory:

Hand Weapons
 Y - a +1 shortbow (weapon)
Armour
 d - a +0 pair of boots (worn)
 f - a +0 scale mail of poison resistance (worn)
 g - a +0 cloak (worn)
 j - a +0 ring mail
 l - a +0 pair of gloves (worn)
Jewellery
 a - a +6 ring of dexterity (left hand)
Potions
 b - a potion of brilliance {unknown}
 c - a potion of heal wounds {unknown}
 e - a potion of enlightenment {unknown}
 h - a potion of might {unknown}

Dungeon Overview and Level Annotations

Branches:
Dungeon (4/15)              Sewer (1/1)
 Temple: D:4-7

Altars:
Dithmenos
Ru


Message History

The kobold hits you but does no damage.
The jackal bites you but does no damage.
The kobold brigand hits you with a +0 whip.
The kobold hits you but does no damage.
You shoot an arrow.
The arrow hits the kobold brigand but does no damage.
The kobold brigand is severely wounded.
The jackal barely misses you.
The jackal bites you but does no damage.
You shoot an arrow. The arrow hits the kobold brigand!
You kill the kobold brigand!
You hear a splash. x2
The jackal splashes around in the water.
The kobold hits you but does no damage.
The jackal splashes around in the water.
The kobold hits you but does no damage.
You shoot an arrow.
The arrow closely misses the kobold brigand.
The jackal misses you. The kobold closely misses you.
The kobold barely misses you.
The kobold brigand hits you with a +0 club.
The jackal splashes around in the water.
The kobold closely misses you.
2589 ||| READING scroll of teleportation.
As you read the scroll of teleportation, it crumbles to dust.
You feel strangely unstable. The jackal barely misses you.
The kobold hits you but does no damage.
The kobold brigand splashes around in the water.
The kobold hits you but does no damage.
You shoot an arrow.
The arrow closely misses the kobold brigand.
The jackal bites you but does no damage.
The kobold hits you with a +0 whip. The kobold brigand closely misses you.
The jackal bites you. The kobold closely misses you.
You shoot an arrow. The arrow hits the kobold brigand.
The kobold brigand is lightly wounded.
The jackal splashes around in the water.
The kobold barely misses you.
The kobold brigand hits you with a +0 club.
You die...

#~# #~# #~# #~# #~# #~#
#~# #########~##
#....KK@)~.#######
#~~~~~hKK~.~.....#######
#~~~~~~~~~~~~~~~~~~~~~~#
..~~~~~~~~~~~~~~~~~~~~~~
#~~~~~~~~~~~~~~~~~~~~~##
#.~~~~~~.~.~.....######
#...~...~..###.###
############ #\# ###


You could see a kobold brigand, a jackal and 3 kobolds.

Vanquished Creatures
  A kobold brigand (Sewer)
  2 hounds
  An orc wizard (D:3)
  3 river rats (Sewer)
  An adder (D:3)
  2 worms (D:2)
  3 dart slugs
  3 orcs
  A ball python (D:4)
  4 endoplasms
  4 giant cockroaches
  4 goblins
  4 hobgoblins
  2 jackals (Sewer)
  2 kobolds
  5 quokkas
  3 bats
  5 frilled lizards
  8 rats
58 creatures vanquished.

Notes
Turn   | Place    | Note
-------+----------+-------------------------------------------
     0 | D:1      | qw the Deep Elf Hunter began the quest for the Orb.
     0 | D:1      | Reached XP level 1. HP: 12/12 MP: 3/3
     0 | D:1      | 0 ||| qw: Version: 0.3-a-22-g0ed2b0b
     0 | D:1      | 0 ||| qw: Game counter: 6095
     0 | D:1      | 0 ||| qw: Melee chars always use a shield: true
     0 | D:1      | 0 ||| qw: God list: Okawaru
     0 | D:1      | 0 ||| qw: Allow faded altars: false
     0 | D:1      | 0 ||| qw: Do Orc after clearing Dungeon:15 true
     0 | D:1      | 0 ||| qw: Do second Lair branch before Depths: true
     0 | D:1      | 0 ||| qw: Lair rune preference: random
     0 | D:1      | 0 ||| qw: Goals: Normal
     0 | D:1      | 0 ||| PLANNING D:1-11
   163 | D:1      | Reached skill level 6 in Ranged Weapons
   163 | D:1      | Reached XP level 2. HP: 16/16 MP: 4/4
   741 | D:1      | 741 ||| UPGRADING to +0 scale mail.
   751 | D:1      | 751 ||| DROPPING +0 leather armour.
   752 | D:1      | 752 ||| UPGRADING to +0 cloak.
   757 | D:1      | 757 ||| READING scroll labelled TUHULY XIRENER.
   758 | D:1      | 758 ||| READING scroll labelled NONUUNI DIME.
   759 | D:1      | 759 ||| DRINKING 2 viscous purple potions.
   760 | D:1      | 760 ||| DROPPING scroll of butterflies.
   761 | D:1      | 761 ||| DROPPING potion of attraction.
  1086 | D:2      | Reached XP level 3. HP: 13/20 MP: 5/5
  1551 | D:2      | 1551 ||| UPGRADING to +0 ring mail.
  1561 | D:2      | 1561 ||| DROPPING +0 scale mail.
  1562 | D:2      | 1562 ||| UPGRADING to +0 pair of gloves.
  1567 | D:2      | 1567 ||| UPGRADING to +6 ring of dexterity.
  1568 | D:2      | 1568 ||| READING scroll labelled XUUNLE TANTAM.
  1569 | D:2      | 1569 ||| READING scroll labelled HOEM TEOTE.
  1570 | D:2      | 1570 ||| READING scroll labelled QUNGOOSALYN.
  1571 | D:2      | 1571 ||| READING scroll labelled ZEDEZO UNGAIF.
  1572 | D:2      | 1572 ||| READING scroll labelled XYVADD DULOCOL.
  1753 | D:3      | Reached skill level 7 in Ranged Weapons
  1793 | D:3      | Reached XP level 4. HP: 25/25 MP: 6/6
  1857 | D:3      | Reached skill level 8 in Ranged Weapons
  2039 | D:3      | Found a shadowy altar of Dithmenos.
  2039 | D:3      | Found a sacrificial altar of Ru.
  2159 | D:3      | 2159 ||| UPGRADING to +0 pair of boots.
  2164 | D:3      | 2164 ||| READING scroll labelled REASKU JUAVUUR.
  2183 | D:4      | 2183 ||| PLANNING SEWER
  2186 | D:4      | Reached skill level 3 in Dodging
  2186 | D:4      | Reached XP level 5. HP: 29/29 MP: 7/7
  2467 | D:4      | 2467 ||| Stepping ~*~*~tactically~*~*~ (water).
  2467 | D:4      | Found a glowing drain.
  2472 | D:4      | 2472 ||| UPGRADING to +0 scale mail of poison resistance.
  2482 | D:4      | 2482 ||| READING scroll labelled TAUGUUNGACEI.
  2492 | Sewer    | Entered a sewer
  2498 | Sewer    | Reached skill level 1 in Armour
  2573 | Sewer    | 2573 ||| Stepping ~*~*~tactically~*~*~ (water).
  2588 | Sewer    | HP: 5/29 [kobold brigand/+0 club (5)]
  2589 | Sewer    | 2589 ||| READING scroll of teleportation.
  2590 | Sewer    | HP: 2/29 [kobold/+0 whip (4)]
  2591 | Sewer    | Slain by a kobold brigand

Levels and vault maps discovered:
D:1:      dpeg_arrival_rooms_b, layout_basic, minmay_misc_feat_encased
D:2:      layout_loops_corners
D:3:      layout_loops_ring, chequers_temple_overflow_statue_of_worship
D:4:      layout_loops_ring, gup_sewer_entry_pipe
Sewer:    sewer_kobolds

Skill      XL: |  1  2  3  4  5 |
---------------+----------------+-----
Ranged Weapons | 6 7 8 |  8.8
Dodging        | 3 |  3.4
Armour         | 1 |  1.1
Fighting       | |  1.5
Stealth        | |  1.2

Action                     |  1- 3 |  4- 6 || total
---------------------------+-------+-------++-------
   Fire: Shortbow          |    78 |    78 ||   156
    Use: Scroll            |     7 |     3 ||    10
         Potion            |     1 |       ||     1
 Armour: Leather armour    |     5 |       ||     5
         Scale mail        |     3 |    28 ||    31
         Ring mail         |       |     1 ||     1
  Dodge: Dodged            |    11 |    26 ||    37

Table legend:
 A = Non-vault XP
 B = Vault XP
 C = Vault XP percentage of total XP
 D = Non-vault monster count
 E = Vault monster count
 F = Vault count percentage of total count
                 A         B        C        D         E       F
            +---------+---------+-------+---------+---------+-------
      Total |     212 |     162 |  43.3 |      41 |      17 |  29.3
            +---------+---------+-------+---------+---------+-------
        D:1 |      34 |       0 |   0.0 |      17 |       0 |   0.0
        D:2 |      15 |       0 |   0.0 |       5 |       0 |   0.0
        D:3 |     113 |       0 |   0.0 |      16 |       0 |   0.0
        D:4 |      50 |      14 |  21.9 |       3 |       7 |  70.0
      Sewer |       0 |     148 | 100.0 |       0 |      10 | 100.0
            +---------+---------+-------+---------+---------+-------
